 Dungeon Crawl Stone Soup version 0.30-a0-743-gbfdf073431 (webtiles) character file.

Game seed: 10176149198639269000

50 McKennaii the Poker (level 3, -21/43 HPs)
             Began as a Demigod Reaver on Feb 5, 2023.
             Killed by an exploding Terence (39 damage)
             ... ignited by their inner flame
             ... on level 2 of the Dungeon.
             The game lasted 00:01:34 (721 turns).

McKennaii the Poker (Demigod Reaver)                 Turns: 721, Time: 00:01:34

Health: -21/43     AC:  4    Str: 23    XL:     3   Next: 35%
Magic:  8/8        EV: 12    Int: 15    God:
Gold:   69         SH:  0    Dex: 12    Spells: 5/6 levels left

rFire   . . .      SeeInvis .    a - +0 spear
rCold   . . .      Faith    .    (no shield)
rNeg    . . .      Spirit   .    b - +0 leather armour
rPois   +          Reflect  .    (no helmet)
rElec   .          Harm     .    (no cloak)
rCorr   .          Rampage  .    d - +0 pair of gloves
Will    .....                    (no boots) Stlth
                                 (no amulet)
HPRegen 0.27/turn                i - +6 ring of strength
MPRegen 0.11/turn                (no ring)

@: brilliant, berserking, weak-willed, flying, very quick
A: high MP 1, forlorn, divine attributes, mutation resistance 1, poison
resistance
a: no special abilities


You were on level 2 of the Dungeon.
You visited 1 branch of the dungeon, and saw 2 of its levels.

You collected 69 gold pieces.

Inventory:

Hand Weapons
 a - a +0 spear (weapon)
Armour
 b - a +0 leather armour (worn)
 d - a +0 pair of gloves (worn)
Jewellery
 i - a +6 ring of strength (left hand)
Scrolls
 e - 2 scrolls of immolation
Potions
 g - a potion of flight


   Skills:
 + Level 2.1 Fighting
 * Level 3.0 Polearms
 + Level 0.8 Armour
 + Level 2.1 Dodging
 + Level 2.1 Spellcasting
 + Level 3.0 Conjurations


You had 5 spell levels left.
You knew the following spells:

 Your Spells              Type           Power      Damage    Failure   Level
a - Kiss of Death         Conj/Necr      36%        2d8       14%         1

Your spell library contained the following spells:

 Spells                   Type           Power      Damage    Failure   Level
 Momentum Strike          Conj/Tloc      18%        3d8       21%         2
 Hailstorm                Conj/Ice       9%         3d4       38%         3


Dungeon Overview and Level Annotations

Branches:
Dungeon (2/15)


Innate Abilities, Weirdness & Mutations

You have an increased reservoir of magic. (+10% MP)
You shall have no god before yourself.
Your divine heritage dramatically boosts your attributes as you level up.
You are somewhat resistant to further mutation.
Your system is resistant to poisons. (rPois)


Message History

Terence says, "How do you enjoy it?" Terence attacks as you move away!
Terence hits you with a +0 mace.
Okay, then.
As you read the scroll labelled PIG ZAODUNUDO, it crumbles to dust.
The creatures around you are filled with an inner flame!
It was a scroll of immolation.
Terence hits you with a +0 mace.
* * * LOW HITPOINT WARNING * * *
Okay, then.
It was a potion of mutation.
You feel extremely strange.
You feel resistant to poisons.
You feel genetically stable. Terence hits you with a +0 mace.
* * * LOW HITPOINT WARNING * * *
It was a potion of flight.
You feel very buoyant.
You fly up into the air.
Terence completely misses you.
It was a potion of heal wounds.
You feel much better. Terence screams, "I want your blood!"
Terence hits you with a +0 mace.
As you read the scroll labelled PUCKAPN EVADUWK, it crumbles to dust.
You feel aware of your surroundings.
You sensed 1 altar.
It was a scroll of magic mapping.
Terence barely misses you.
As you read the scroll labelled AMUMPIL ZECKI, it crumbles to dust.
Magic quickly surges around you.
It was a scroll of vulnerability.
Terence misses you. Terence attacks as you move away!
Terence hits you with a +0 mace. Terence attacks as you move away!
Terence hits you with a +0 mace.
It was a potion of brilliance.
You feel clever all of a sudden. Terence hits you but does no damage.
It was a potion of berserk rage.
A red film seems to cover your vision as you go berserk!
You feel yourself moving faster!
You feel mighty! Terence hits you with a +0 mace.
You puncture Terence!
Flame seeps out of Terence.
Terence is almost dead.
Terence is engulfed in blazing flames.
Terence explodes!
The fiery explosion engulfs you!!!
Ouch! That really hurt!
You die...

#,*###.#.#.#.#...,,, *,*
#.#.#.#,,,,,,*,
##,####.....#*******,
*#......##.### *,
*,....#.##.### *,
*,,.#.#......# *,
#.,,..#......# ***,
#[.##.#......# *,,,
#....@#.†....# *,**
##...§○......# *,*
#.##§#.####### *,*
**#.##.#.......# *,*
**,.....#.#...#.# *,*
*,,,,#.....###..#####.#
***,,..#.....# #........#
*,,,,........###..#######
*,,,,.....#.#...#.#


There were no monsters in sight!

Vanquished Creatures
  Terence (D:2)
  3 adders (D:2)
  A dart slug (D:1)
  A ball python (D:2)
  2 endoplasms (D:1)
  3 giant cockroaches
  A goblin (D:1)
  2 hobgoblins (D:1)
  A quokka (D:1)
  2 bats (D:1)
  A frilled lizard (D:1)
  A kobold (D:1)
  3 rats (D:1)
22 creatures vanquished.

Notes
Turn   | Place    | Note
-------+----------+-------------------------------------------
     0 | D:1      | McKennaii the Demigod Reaver began the quest for the Orb.
     0 | D:1      | Reached XP level 1. HP: 17/17 MP: 5/5
   153 | D:1      | Reached XP level 2. HP: 24/24 MP: 7/7
   658 | D:2      | Reached XP level 3. HP: 29/29 MP: 8/8
   694 | D:2      | Noticed Terence
   708 | D:2      | Gained mutation: Your system is resistant to poisons.
                  | (rPois) [potion of mutation]
   708 | D:2      | Gained mutation: You are somewhat resistant to further
                  | mutation. [potion of mutation]
   708 | D:2      | HP: 1/29 [Terence/+0 mace (5)]
   721 | D:2      | Killed Terence
   721 | D:2      | Killed by an exploding Terence... ignited by their inner
                  | flame

Illustrated notes

Levels and vault maps discovered:
D:1:      matt_arrival_refuge, layout_basic
D:2:      layout_loops_cross, basic_altar, uniq_terence

Skill      XL: |  1  2 |
---------------+-------+-----
Dodging        | 2 |  2.1
Fighting       | 2 |  2.1
Spellcasting   | 2 |  2.1
Polearms       | 3 |  3.0
Conjurations   | 3 |  3.0
Armour         | |  0.8

Action                     || total
---------------------------++-------
  Melee: Spear             ||    90
    Use: Potion            ||     5
         Scroll            ||     3
 Armour: Leather armour    ||    14
  Dodge: Dodged            ||    45

Table legend: (Time is in decaauts)
 A = Elapsed time spent in this place.
 B = Non-inter-level travel time spent in this place.
 C = Inter-level travel time spent in this place.
 D = Time resting spent in this place.
 E = Time spent auto-exploring this place.
 F = Levels seen in this place.
 G = Mean time per level.
                   A        B        C        D        E       F      G
               +--------+--------+--------+--------+--------+-----+--------+
         Total |    716 |    688 |     28 |      0 |    491 |   2 |  358.0 |
       Dungeon |    716 |    688 |     28 |      0 |    491 |   2 |  358.0 |
               +--------+--------+--------+--------+--------+-----+--------+

Top non-repeatable levels by time:
     D:1: 544 daAuts
     D:2: 172 daAuts
